 Dungeon Crawl Stone Soup version 0.27-a0-1158-gaa87e14f67 (webtiles) character file.

Game seed: 9167560549474774239

2229 leviel the Grappler (level 9, 0/80 HPs)
             Began as a Troll Monk on May 15, 2021.
             Slain by an orc
             ... wielding a +0 hand axe
              (5 damage)
             ... in a bailey.
             The game lasted 00:09:00 (5845 turns).

leviel the Grappler (Troll Monk)                    Turns: 5845, Time: 00:09:00

Health: 0/80       AC:  4    Str: 24    XL:     9   Next: 14%
Magic:  8/8        EV:  8    Int:  6    God:
Gold:   1284       SH: 11    Dex: 12    Spells: 8/8 levels left

rFire    . . .     SeeInvis +     - Unarmed
rCold    . . .     Faith    .   j - +2 kite shield {reflect}
rNeg     + . .     Spirit   .   a - +0 robe
rPois    .         Reflect  +   (helmet restricted)
rElec    .         Harm     .   (no cloak)
rCorr    .         Rampage  .   (gloves unavailable)
Will     .....                  (boots unavailable)
Stlth    ++........             (no amulet)
HPRegen  1.23/turn              e - ring of positive energy
MPRegen  0.11/turn              r - ring of see invisible

@: no status effects
A: large, unfitting armour, claws 3, regeneration 1, shaggy fur 1, tough skin 1,
sturdy frame 1
a: no special abilities


You were in a bailey.
You visited 2 branches of the dungeon, and saw 8 of its levels.
You also visited: Sewer and Bailey.

You collected 1284 gold pieces.

Inventory:

Missiles
 n - a curare-tipped dart (quivered)
Armour
 a - a +0 robe (worn)
 j - a +2 kite shield of reflection (worn)
Jewellery
 e - a ring of positive energy (left claw)
 r - a ring of see invisible (right claw)
Wands
 b - a wand of digging (4)
 k - a wand of iceblast (6)
 l - a wand of charming (11)
Scrolls
 g - 2 scrolls of identify {@r1}
 h - 2 scrolls of enchant weapon {@r3}
 i - 2 scrolls of teleportation
 m - 2 scrolls of fog
Potions
 f - 2 potions of degeneration
 p - 2 potions of brilliance


   Skills:
 - Level 2.4 Fighting
 - Level 2.4 Dodging
 - Level 1.0 Stealth
 * Level 3.9 Shields
 - Level 11.3 Unarmed Combat


You had 8 spell levels left.
You didn't know any spells.
Your spell library was empty.

Dungeon Overview and Level Annotations

Branches:
Dungeon (7/15)             Temple (1/1) D:5           Sewer (visited)
 Bailey (1/1)

Altars:
Ashenzari
Cheibriados
Fedhas
Kikubaaqudgha
Makhleb
Okawaru
Qazlal
Trog
Uskayaw
Vehumet
Wu Jian
Xom
Yredelemnul
Zin
The Shining One

Shops:
D:1 [   D:5 :

Annotations:
D:4 exclusion: oklob plant


Innate Abilities, Weirdness & Mutations

You are too large for most types of armour.
You have claws for hands.
Your natural rate of healing is unusually fast.
You are covered in fur. (AC +1)
You have tough skin. (AC +1)
Your movements are slightly less encumbered by armour. (ER -2)


Message History

You kill the orc!
The orc closely misses you. The orc hits you with a +0 war axe.
* * * LOW HITPOINT WARNING * * *
You barely miss the orc. You block the orc's attack.
You claw the orc!
You kill the orc!
You block the orc's attack. The orc hits you with a +3 trident!
* * * LOW HITPOINT WARNING * * *
Found 15 gold pieces.
You see here a +0 war axe.
You feel better. You block the orc's attack. x2
You scratch the orc.
The orc is moderately wounded.
The orc hits you with a +3 trident.
* * * LOW HITPOINT WARNING * * *
You block the orc's attack.
You scratch the orc.
The orc is heavily wounded.
You block the orc's attack. The orc hits you with a +0 war axe!
* * * LOW HITPOINT WARNING * * *
You claw the orc!
You kill the orc!
You block the orc's attack.
You mangle the orc!!
You kill the orc!
The orc hits you but does no damage. You block the orc's attack. x2
Items here: )) [[ †.
You scratch the orc.
You kill the orc!
You block the orc's attack.
You scratch the orc.
The orc is almost dead.
The orc hits you with a +0 hand axe.
* * * LOW HITPOINT WARNING * * *
You completely miss the orc.
The orc is almost dead.
The orc hits you with a +0 hand axe.
You die...

... ##'##
#...#
#$$$#
#$$$#
#...
###)###
##..)).##
#...@...#
#..o))..#
#.......#
#.......#
#.......#
#..)....#
#.......#
#..)....#
#∩.....∩#


You could see an orc.

Vanquished Creatures
  Grinder (D:5)
  2 black bears (D:4)
  2 ogres
  The ghost of AtomicRavioli the Cudgeller, an amateur DsMo (D:3)
  3 necrophages
  A centaur (D:7)
  A phantom (D:3)
  A kobold brigand (Sewer)
  2 scorpions
  A water moccasin skeleton (D:4)
  A bullfrog zombie (D:6)
  A jelly (D:6)
  A bullfrog skeleton (D:4)
  3 hounds
  2 centaur skeletons
  3 orc priests
  A gnoll shaman (D:6)
  2 iguanas
  3 orc wizards
  8 gnolls
  14 adders
  7 river rats (Sewer)
  A white imp (D:5)
  An ufetubus (D:7)
  2 adder zombies (D:3)
  A worm (D:2)
  27 orcs
  4 endoplasms
  4 giant cockroaches
  13 goblins
  7 hobgoblins
  13 jackals
  2 quokkas
  8 ball pythons
  2 bats
  4 frilled lizards
  19 kobolds
  26 rats
195 creatures vanquished.

Vanquished Creatures (others)
  16 toadstools (D:4)
16 creatures vanquished.

Grand Total: 211 creatures vanquished

Notes
Turn   | Place    | Note
-------+----------+-------------------------------------------
     0 | D:1      | leviel the Troll Monk began the quest for the Orb.
     0 | D:1      | Reached XP level 1. HP: 22/22 MP: 0/0
   123 | D:1      | Found Urhari's Armour Boutique.
   247 | D:1      | Reached XP level 2. HP: 29/29 MP: 1/1
   408 | D:1      | Reached skill level 4 in Unarmed Combat
   518 | D:1      | Found a faded altar of an unknown god.
   857 | D:2      | Reached XP level 3. HP: 31/36 MP: 2/2
  1553 | D:3      | Noticed a phantom
  1566 | D:3      | Killed a phantom
  1567 | D:3      | Reached skill level 5 in Unarmed Combat
  1567 | D:3      | Reached XP level 4. HP: 35/44 MP: 3/3
  1567 | D:3      | Reached XP level 5. HP: 40/50 MP: 4/4
  1582 | D:3      | Found an iron altar of Okawaru.
  1847 | D:3      | Reached skill level 6 in Unarmed Combat
  1934 | D:3      | You fall into a shaft and drop 1 floor!
  2000 | D:3      | Found a runed translucent gate.
  2000 | D:3      | Found a runed translucent gate.
  2000 | D:3      | Found a runed translucent gate.
  2000 | D:3      | Noticed AtomicRavioli's ghost (amateur DsMo)
  2003 | D:3      | Found a basalt altar of Yredelemnul.
  2051 | D:3      | Found a glowing drain.
  2186 | Sewer    | Entered a sewer
  2241 | Sewer    | Reached XP level 6. HP: 49/59 MP: 5/5
  2294 | Sewer    | Reached skill level 7 in Unarmed Combat
  2811 | D:3      | Identified a scroll of acquirement
  2811 | D:3      | Acquired 863 gold pieces
  3005 | D:3      | Killed AtomicRavioli's ghost
  3063 | D:4      | Reached skill level 8 in Unarmed Combat
  3063 | D:4      | Reached XP level 7. HP: 55/66 MP: 6/6
  3246 | D:4      | Reached skill level 9 in Unarmed Combat
  3290 | D:4      | Found a bloodstained altar of Trog.
  3373 | D:4      | Found an ornate altar of the Wu Jian Council.
  3457 | D:4      | Found an ancient bone altar of Kikubaaqudgha.
  3588 | D:4      | Found a blossoming altar of Fedhas.
  3611 | D:4      | Noticed an oklob plant
  3768 | D:5      | Entered Level 5 of the Dungeon
  3770 | D:5      | Found a staircase to the Ecumenical Temple.
  3925 | D:5      | Reached XP level 8. HP: 51/74 MP: 7/7
  4001 | Temple   | Entered the Ecumenical Temple
  4413 | D:5      | Noticed Grinder
  4415 | D:5      | Paralysed by Grinder for 5 turns
  4433 | D:5      | Killed Grinder
  4434 | D:5      | Reached skill level 10 in Unarmed Combat
  4580 | D:5      | Found Nodgheoh's Book Shop.
  5138 | D:6      | Reached skill level 11 in Unarmed Combat
  5271 | D:6      | Reached skill level 1 in Shields
  5483 | D:6      | Reached XP level 9. HP: 80/80 MP: 8/8
  5776 | D:7      | Found a flagged portal.
  5789 | Bailey   | Entered a bailey
  5812 | Bailey   | Gained mutation: Your movements are slightly less
                  | encumbered by armour. (ER -2) [potion of mutation]
  5829 | Bailey   | HP: 2/80 [orc/+0 halberd (7)]
  5836 | Bailey   | HP: 3/80 [orc/+3 trident (7)]
  5844 | Bailey   | HP: 4/80 [orc/+0 hand axe (5)]
  5845 | Bailey   | Slain by an orc

Illustrated notes

Levels and vault maps discovered:
D:1:      shiori_shiawase, layout_loops_ring,
          shapermc_ecumenical_altar_totnotflames, serial_shops, shop
D:2:      layout_basic
D:3:      layout_basic, overflow_temple_1_default,
          nicolae_yredelemnul_ghost_church, gup_sewer_entry_glass
D:4:      layout_cave_pools, trog_ov_bears_minmay,
          nicolae_overflow_hidden_temple, tgw_fedhas,
          nicolae_wu_jian_wuxing_cycle, nicolae_kikubaaqudgha_miasma_corner,
          minmay_misc_feat_tiny
D:5:      layout_basic, temple_fountains, serial_shops, nicolae_shop_waterfront,
          uniq_grinder
D:6:      layout_basic
D:7:      layout_basic, nicolae_gozag_zags_fifth_avenue, enter_bailey_4,
          eino_jars
Temple:   jpeg_temple_island
Bailey:   bailey_polearm_5, bailey

Skill      XL: |  1  2  3  4  5  6  7  8 |
---------------+-------------------------+-----
Unarmed Combat | 4 5 6 8 9 11 | 11.3
Shields        | 3 |  3.9
Fighting       | |  2.4
Dodging        | |  2.4
Stealth        | |  1.0

Action                   |  1- 3 |  4- 6 |  7- 9 || total
-------------------------+-------+-------+-------++-------
Melee: Unarmed           |   116 |   161 |   245 ||   522
       Punch             |       |     3 |     6 ||     9
  Use: Scroll            |       |    13 |     5 ||    18
       Potion            |       |       |    13 ||    13
 Stab: Sleeping          |     4 |       |     1 ||     5
Armor: Robe              |    45 |    50 |    60 ||   155
Dodge: Dodged            |    79 |    79 |   121 ||   279
Block: Kite shield       |       |       |   123 ||   123
       Reflection        |       |       |     2 ||     2

Table legend: (Time is in decaauts)
 A = Elapsed time spent in this place.
 B = Non-inter-level travel time spent in this place.
 C = Inter-level travel time spent in this place.
 D = Time resting spent in this place.
 E = Time spent auto-exploring this place.
 F = Levels seen in this place.
 G = Mean time per level.
                   A        B        C        D        E       F      G
               +--------+--------+--------+--------+--------+-----+--------+
         Total |   5866 |   5495 |    371 |     46 |   4352 |  10 |  586.6 |
       Dungeon |   4884 |   4532 |    352 |     46 |   3628 |   7 |  697.7 |
        Temple |    300 |    281 |     19 |      0 |    281 |   1 |  300.0 |
         Sewer |    625 |    625 |      0 |      0 |    437 |   1 |  625.0 |
        Bailey |     54 |     54 |      0 |      0 |      5 |   1 |   54.0 |
               +--------+--------+--------+--------+--------+-----+--------+

Top non-repeatable levels by time:
     D:5: 1090 daAuts
     D:3: 878 daAuts
     D:1: 780 daAuts
     D:2: 761 daAuts
     D:4: 707 daAuts
   Sewer: 625 daAuts
     D:6: 484 daAuts
  Temple: 300 daAuts
     D:7: 181 daAuts
  Bailey: 54 daAuts
